[Event "GambitGuide"]
[Site "Internet Chess Club"]
[Date "2014.10.31"]
[Round "1"]
[White "JSBach"]
[Black "sskumaran1"]
[Result "1-0"]
[ICCResult "Black resigns"]
[WhiteElo "1669"]
[BlackElo "1120"]
[Opening "Vienna: `Frankenstein-Dracula' variation"]
[ECO "C27"]
[NIC "VG.02"]
[Time "08:50:15"]
[TimeControl "120+12"]

1. e4 e5 2. Nc3 Nf6 3. Bc4 Nxe4 4. Qh5 Nd6 5. Bb3 Nc6 6. Nb5 g6 7. Qf3 f5 8.
Qd5 Qe7 9. Nxc7+ Kd8 10. Nxa8 b6 11. d3 Bb7 12. Nxb6 axb6 13. Qf3 Nb4 14.
Qg3 f4 15. Qg4 Nf5 16. a3 Nd5 17. Nf3 d6 18. Qg5 Nf6 19. Bd2 Bg7 20. O-O
Bxf3 21. gxf3 Bh6 22. Qg2 Nh4 23. Qh3 Nh5 24. Rfe1 Qg5+ 25. Kf1 Qf6 26. Bd5
g5 27. Qg4 Rg8 28. Bxg8 {Black resigns} 1-0

[Event "GambitGuide"]
[Site "Internet Chess Club"]
[Date "2014.10.31"]
[Round "1"]
[White "JSBach"]
[Black "sskumaran1"]
[Result "1-0"]
[ICCResult "Black resigns"]
[WhiteElo "1669"]
[BlackElo "1120"]
[Opening "Vienna: `Frankenstein-Dracula' variation"]
[ECO "C27"]
[NIC "VG.02"]
[Time "08:52:44"]
[TimeControl "120+12"]

1. e4 e5 2. Nc3 Nf6 3. Bc4 Nxe4 4. Qh5 Nd6 5. Bb3 Nc6 6. Nb5 g6 7. Qf3 f5 8.
Qd5 Qe7 9. Nxc7+ Kd8 10. Nxa8 b6 11. d3 Bb7 12. Nxb6 axb6 13. Qf3 Nd4 14.
Qg3 f4 15. Qg4 N6f5 16. c3 Ne6 17. Nf3 d6 18. O-O Bg7 19. Re1 Qf7 20. Ng5
Bc8 21. Nxf7+ {Black resigns} 1-0

[Event "GambitGuide"]
[Site "Internet Chess Club"]
[Date "2014.10.31"]
[Round "1"]
[White "JSBach"]
[Black "leader1774"]
[Result "1/2-1/2"]
[ICCResult "Game drawn by repetition"]
[WhiteElo "1669"]
[BlackElo "1569"]
[Opening "Vienna: `Frankenstein-Dracula' variation"]
[ECO "C27"]
[NIC "VG.02"]
[Time "08:47:05"]
[TimeControl "120+12"]

1. e4 e5 2. Nc3 Nf6 3. Bc4 Nxe4 4. Qh5 Nd6 5. Bb3 Nc6 6. Nb5 g6 7. Qf3 f5 8.
Qd5 Qe7 9. Nxc7+ Kd8 10. Nxa8 b6 11. d3 Bb7 12. Nxb6 axb6 13. Qf3 Bg7 14.
Qh3 e4 15. Ne2 exd3 16. Qxd3 Ne5 17. Qh3 Ng4 18. Qg3 Be5 19. f4 Bf6 20. Kf1
Re8 21. Qd3 Be4 22. Qa6 Kc7 23. Bd2 Bxb2 24. Qa7+ Bb7 25. Re1 Ne4 26. Ba5
Qc5 27. Bxb6+ Qxb6 28. Qxb6+ Kxb6 29. Kg1 Ngf2 30. Bf7 Re7 31. Rb1 Rxf7 32.
Rxb2+ Kc7 33. a4 Nxh1 34. Kxh1 Re7 35. Nd4 Nc5 36. Kg1 Nxa4 37. Rb4 Nb6 38.
Nb5+ Kc6 39. Na7+ Kc5 40. Rb5+ Kc4 41. Rxb6 Bc6 42. Nxc6 dxc6 43. Rxc6+ Kd4
44. c4 Re1+ 45. Kf2 Rc1 46. Rc7 Rxc4 47. Rxh7 Rc6 48. Re7 Ra6 49. h3 Kd5 50.
g3 Kd6 51. Re3 Kd5 52. Rb3 Re6 53. Re3 Rc6 54. Re8 Rc2+ 55. Kf3 Rc3+ 56. Re3
Rc6 57. g4 Kd6 58. gxf5 gxf5 59. h4 Rc1 60. h5 Rh1 61. Ke2 Rxh5 62. Re5 Kd7
63. Kf2 Kd6 64. Ke3 Kd7 65. Kd3 Kd6 66. Kc4 Kc6 67. Rd5 Kc7 68. Re5 Kd6 69.
Kd4 Rh1 70. Rxf5 Rd1+ 71. Ke3 Ke6 72. Re5+ Kf6 73. Ke4 Re1+ 74. Kd5 Rd1+ 75.
Ke4 Re1+ 76. Kd4 Rxe5 77. fxe5+ Ke6 78. Ke4 Ke7 79. Kd5 Kd7 80. e6+ Ke7 81.
Ke5 Ke8 82. Kf6 Kf8 83. Ke5 Ke7 84. Kd5 Ke8 85. Kd6 Kd8 86. Kc5 Ke7 87. Kd5
Ke8 88. Kd6 Kd8 89. Kc5 Ke7 90. Kd5 Ke8 91. Kd6 Kd8 92. Ke5 Ke7 93. Kd5 Ke8
94. Kd6 Kd8 95. Ke5 Ke7 96. Kd5 Ke8 97. Kd6 Kd8 98. Kd5 Ke7 99. Ke5 Ke8 100.
Kd6 Kd8 101. Kc5 Ke7 102. Kd5 Ke8 103. Kd6 Kd8 104. Kc5 Ke7 105. Kd5 Ke8
106. Kd6 Kd8 107. Ke5 Ke7 108. Kd5 Ke8 109. Kd6 Kd8 110. Ke5 Ke7 111. Kf5
Ke8 112. Kf6 Kf8 113. Kf5 Ke7 114. Ke5 Ke8 115. Kd6 Kd8 116. Ke5 Ke7 117.
Kd5 Ke8 118. Kd6 Kd8 119. Ke5 Ke7 120. Kd5 Ke8 121. Kd6 Kd8 122. Kc5 Ke7
123. Kd5 {Game drawn by repetition} 1/2-1/2

[Event "GambitGuide"]
[Site "Internet Chess Club"]
[Date "2014.10.31"]
[Round "1"]
[White "JSBach"]
[Black "gebailey"]
[Result "0-1"]
[ICCResult "White checkmated"]
[WhiteElo "1669"]
[BlackElo "1654"]
[Opening "Vienna: `Frankenstein-Dracula' variation"]
[ECO "C27"]
[NIC "VG.02"]
[Time "08:46:52"]
[TimeControl "120+12"]

1. e4 e5 2. Nc3 Nf6 3. Bc4 Nxe4 4. Qh5 Nd6 5. Bb3 Nc6 6. Nb5 g6 7. Qf3 f5 8.
Qd5 Qe7 9. Nxc7+ Kd8 10. Nxa8 b6 11. d3 Nb4 12. Qf3 Bb7 13. Qg3 Bg7 14. Bg5
Bf6 15. Bxf6 Qxf6 16. c3 Nc6 17. Nxb6 axb6 18. Qe3 Kc7 19. Bd5 Re8 20. Qh6
e4 21. d4 Nxd4 22. cxd4 Bxd5 23. Rc1+ Kb7 24. Qxh7 Re7 25. Qh6 Qxd4 26. Qxg6
Qxb2 27. Kd1 Qd4+ 28. Ke1 e3 29. Ne2 exf2+ 30. Kf1 Qe4 31. Rc2 Qxc2 32. Qh5
Bc4 33. Qf3+ Kc7 34. Kxf2 Rxe2+ 35. Kg3 Ne4+ 36. Kh4 Rxg2 37. Qxf5 Be6 38.
Qe5+ Kb7 39. a3 Rg4+ 40. Kh5 Qc5 41. Qxc5 bxc5 42. Rb1+ Ka6 43. Rf1 Rg2 44.
Rh1 Ka5 45. Kh6 c4 46. h4 c3 47. h5 Nf6 48. Rc1 c2 49. Re1 Ka4 50. Ra1 Rh2
51. Kg6 Nxh5 52. Kh7 Nf4+ 53. Kg7 Nd3 54. Kg6 c1=Q 55. Rxc1 Nxc1 56. Kf6 Nd3
57. Kg5 Kxa3 58. Kg6 Kb4 59. Kf6 Nc5 60. Ke5 d5 61. Kf4 d4 62. Kg3 Re2 63.
Kf4 d3 64. Kg3 d2 65. Kf3 d1=Q 66. Kf4 Qf1+ 67. Kg5 Rg2+ 68. Kh5 Qh1#
{White checkmated}
0-1

[Event "GambitGuide"]
[Site "Internet Chess Club"]
[Date "2014.10.31"]
[Round "1"]
[White "JSBach"]
[Black "lustigbridge"]
[Result "1-0"]
[ICCResult "Black resigns"]
[WhiteElo "1669"]
[BlackElo "1630"]
[Opening "Vienna: `Frankenstein-Dracula' variation"]
[ECO "C27"]
[NIC "VG.02"]
[Time "08:52:34"]
[TimeControl "120+12"]

1. e4 e5 2. Nc3 Nf6 3. Bc4 Nxe4 4. Qh5 Nd6 5. Bb3 Nc6 6. Nb5 g6 7. Qf3 f5 8.
Qd5 Qe7 9. Nxc7+ Kd8 10. Nxa8 b6 11. d3 Nb4 12. Bg5 Nxd5 13. Bxe7+ Nxe7 14.
d4 Bg7 15. dxe5 Bxe5 16. Nf3 Bxb2 17. Rd1 Bc3+ 18. Kf1 Ba6+ 19. Kg1 Ne4 20.
Ba4 d5 21. Nd4 Nd2 22. Ne6+ Kc8 23. Nac7 Be2 24. Rc1 Be5 25. Re1 Bxc7 26.
Rxe2 Ne4 27. Nxc7 Kxc7 28. f3 Nc3 29. Rxe7+ Kd6 30. Rxa7 b5 31. Bb3 Re8 32.
Kf1 Re2 33. Rxh7 Rd2 34. g4 Nd1 35. Ke1 Rg2 36. Kxd1 {Black resigns} 1-0

[Event "GambitGuide"]
[Site "Internet Chess Club"]
[Date "2014.10.31"]
[Round "1"]
[White "JSBach"]
[Black "chigato"]
[Result "1-0"]
[ICCResult "Black resigns"]
[WhiteElo "1669"]
[BlackElo "1678"]
[Opening "Vienna: `Frankenstein-Dracula' variation"]
[ECO "C27"]
[NIC "VG.02"]
[Time "08:54:30"]
[TimeControl "120+12"]

1. e4 e5 2. Nc3 Nf6 3. Bc4 Nxe4 4. Qh5 Nd6 5. Bb3 Nc6 6. Nb5 g6 7. Qf3 f5 8.
Qd5 Qe7 9. Nxc7+ Kd8 10. Nxa8 b6 11. d3 Bb7 12. Nxb6 axb6 13. Qf3 Kc7 14.
Be3 Nd4 15. Qh3 Nc6 16. Qf3 e4 17. Qf4 exd3 18. cxd3 Bg7 19. Rc1 Be5 20. Qb4
Nc8 21. Bxb6+ Nxb6 22. Qxe7 {Black resigns} 1-0

[Event "GambitGuide"]
[Site "Internet Chess Club"]
[Date "2014.10.31"]
[Round "1"]
[White "JSBach"]
[Black "lustigbridge"]
[Result "1-0"]
[ICCResult "Black resigns"]
[WhiteElo "1669"]
[BlackElo "1630"]
[Opening "Vienna: `Frankenstein-Dracula' variation"]
[ECO "C27"]
[NIC "VG.02"]
[Time "08:55:03"]
[TimeControl "120+12"]

1. e4 e5 2. Nc3 Nf6 3. Bc4 Nxe4 4. Qh5 Nd6 5. Bb3 Nc6 6. Nb5 g6 7. Qf3 f5 8.
Qd5 Qe7 9. Nxc7+ Kd8 10. Nxa8 b6 11. d3 Nb4 12. Bg5 Nxd5 13. Bxe7+
{Black resigns}
1-0

[Event "GambitGuide"]
[Site "Internet Chess Club"]
[Date "2014.10.31"]
[Round "1"]
[White "JSBach"]
[Black "sskumaran1"]
[Result "1-0"]
[ICCResult "Black resigns"]
[WhiteElo "1669"]
[BlackElo "1120"]
[Opening "Vienna: `Frankenstein-Dracula' variation"]
[ECO "C27"]
[NIC "VG.02"]
[Time "08:53:25"]
[TimeControl "120+12"]

1. e4 e5 2. Nc3 Nf6 3. Bc4 Nxe4 4. Qh5 Nd6 5. Bb3 Nc6 6. Nb5 g6 7. Qf3 f5 8.
Qd5 Qe7 9. Nxc7+ Kd8 10. Nxa8 b6 11. d3 Bb7 12. Nxb6 axb6 13. Qf3 Nd4 14.
Qh3 Ne6 15. Be3 f4 16. Bxb6+ Kc8 17. Bxe6 dxe6 18. Qg4 Nf5 19. a3 Qd6 20.
Ba5 Qd5 21. Bc3 Bc5 22. Nf3 Bxf2+ 23. Kxf2 Ne3 24. Qg5 Nxc2 25. Rac1 Qxd3
26. Qxe5 Bd5 27. Qxh8+ Kd7 28. Ne5+ Kd6 29. Qd8+ {Black resigns} 1-0

[Event "GambitGuide"]
[Site "Internet Chess Club"]
[Date "2014.10.31"]
[Round "1"]
[White "JSBach"]
[Black "chigato"]
[Result "1-0"]
[ICCResult "Black resigns"]
[WhiteElo "1669"]
[BlackElo "1678"]
[Opening "Vienna: `Frankenstein-Dracula' variation"]
[ECO "C27"]
[NIC "VG.02"]
[Time "08:55:18"]
[TimeControl "120+12"]

1. e4 e5 2. Nc3 Nf6 3. Bc4 Nxe4 4. Qh5 Nd6 5. Bb3 Nc6 6. Nb5 g6 7. Qf3 f5 8.
Qd5 Qe7 9. Nxc7+ Kd8 10. Nxa8 b6 11. d3 Bb7 12. Nxb6 axb6 13. Qf3 Na5 14.
Qg3 Bc6 15. Bg5 {Black resigns} 1-0

[Event "GambitGuide"]
[Site "Internet Chess Club"]
[Date "2014.10.31"]
[Round "1"]
[White "JSBach"]
[Black "Chessprincess64"]
[Result "1-0"]
[ICCResult "Black resigns"]
[WhiteElo "1669"]
[BlackElo "2000"]
[Opening "Vienna: `Frankenstein-Dracula' variation"]
[ECO "C27"]
[NIC "VG.02"]
[Time "08:52:07"]
[TimeControl "120+12"]

1. e4 e5 2. Nc3 Nf6 3. Bc4 Nxe4 4. Qh5 Nd6 5. Bb3 Nc6 6. Nb5 g6 7. Qf3 f5 8.
Qd5 Qe7 9. Nxc7+ Kd8 10. Nxa8 b6 11. d3 Bb7 12. Nxb6 axb6 13. Qf3 Kc7 14.
Bd2 Bg7 15. Bc3 Nd4 16. Qh3 e4 17. Qe3 f4 18. Qd2 exd3+ 19. Kf1 f3 20. gxf3
Nxf3 21. Nxf3 Bxf3 22. Re1 Qh4 23. Be6 dxe6 24. Re3 Bxh1 25. Bxg7 Rg8 26.
Be5 Qg5 27. Bxd6+ Kxd6 28. Rxd3+ {Black resigns} 1-0

[Event "GambitGuide"]
[Site "Internet Chess Club"]
[Date "2014.10.31"]
[Round "1"]
[White "JSBach"]
[Black "leader1774"]
[Result "1-0"]
[ICCResult "Black resigns"]
[WhiteElo "1669"]
[BlackElo "1569"]
[Opening "Vienna: `Frankenstein-Dracula' variation"]
[ECO "C27"]
[NIC "VG.02"]
[Time "08:54:07"]
[TimeControl "120+12"]

1. e4 e5 2. Nc3 Nf6 3. Bc4 Nxe4 4. Qh5 Nd6 5. Bb3 Nc6 6. Nb5 g6 7. Qf3 f5 8.
Qd5 Qe7 9. Nxc7+ Kd8 10. Nxa8 b6 11. d3 Bb7 12. Nxb6 axb6 13. Qf3 Na5 14.
Qg3 Bg7 15. Be3 Kc7 16. Bg5 Qe8 17. Rc1 e4 18. Bf4 exd3+ 19. Kf1 dxc2 20.
Bxd6+ Kd8 21. Qg5+ Kc8 22. Rxc2+ Nc6 23. Nf3 Ba6+ 24. Bc4 Bxc4+ 25. Rxc4
{Black resigns}
1-0

[Event "GambitGuide"]
[Site "Internet Chess Club"]
[Date "2014.10.31"]
[Round "1"]
[White "JSBach"]
[Black "Chessprincess64"]
[Result "1-0"]
[ICCResult "Black resigns"]
[WhiteElo "1669"]
[BlackElo "2000"]
[Opening "Vienna: `Frankenstein-Dracula' variation"]
[ECO "C27"]
[NIC "VG.02"]
[Time "08:55:50"]
[TimeControl "120+12"]

1. e4 e5 2. Nc3 Nf6 3. Bc4 Nxe4 4. Qh5 Nd6 5. Bb3 Nc6 6. Nb5 g6 7. Qf3 f5 8.
Qd5 Qe7 9. Nxc7+ Kd8 10. Nxa8 b6 11. d3 Bb7 12. Nxb6 axb6 13. Qf3 Kc8 14.
Be3 {Black resigns} 1-0

[Event "GambitGuide"]
[Site "Internet Chess Club"]
[Date "2014.10.31"]
[Round "1"]
[White "JSBach"]
[Black "adolphus"]
[Result "1-0"]
[ICCResult "Black resigns"]
[WhiteElo "1669"]
[BlackElo "1916"]
[Opening "Vienna: `Frankenstein-Dracula' variation"]
[ECO "C27"]
[NIC "VG.02"]
[Time "08:55:05"]
[TimeControl "120+12"]

1. e4 e5 2. Nc3 Nf6 3. Bc4 Nxe4 4. Qh5 Nd6 5. Bb3 Nc6 6. Nb5 g6 7. Qf3 f5 8.
Qd5 Qe7 9. Nxc7+ Kd8 10. Nxa8 b6 11. d3 Bb7 12. Nxb6 axb6 13. Qf3 Bg7 14.
Be3 Kc7 15. Bd5 Re8 16. c3 e4 17. dxe4 fxe4 18. Qh3 Qe5 19. Qxh7 Qxd5 20.
Qxg7 Qh5 21. Rd1 Re7 22. Qf6 Re6 23. Qf4 Qe5 24. Ne2 Qxf4 25. Nxf4 Rf6 26.
Nd5+ {Black resigns} 1-0

[Event "GambitGuide"]
[Site "Internet Chess Club"]
[Date "2014.10.31"]
[Round "1"]
[White "JSBach"]
[Black "sskumaran1"]
[Result "1-0"]
[ICCResult "Black resigns"]
[WhiteElo "1669"]
[BlackElo "1120"]
[Opening "Vienna: `Frankenstein-Dracula' variation"]
[ECO "C27"]
[NIC "VG.02"]
[Time "08:55:35"]
[TimeControl "120+12"]

1. e4 e5 2. Nc3 Nf6 3. Bc4 Nxe4 4. Qh5 Nd6 5. Bb3 Nc6 6. Nb5 g6 7. Qf3 f5 8.
Qd5 Qe7 9. Nxc7+ Kd8 10. Nxa8 b6 11. d3 Bb7 12. Nxb6 axb6 13. Qf3 f4 14. Bd2
Nf5 15. Qe4 Na5 16. Bd5 Bxd5 17. Qxd5 Nh4 18. Qa8+ Kc7 19. Bxa5 Nxg2+ 20.
Qxg2 bxa5 21. Qd5 {Black resigns} 1-0

[Event "GambitGuide"]
[Site "Internet Chess Club"]
[Date "2014.10.31"]
[Round "1"]
[White "JSBach"]
[Black "lustigbridge"]
[Result "1-0"]
[ICCResult "Black resigns"]
[WhiteElo "1669"]
[BlackElo "1630"]
[Opening "Vienna: `Frankenstein-Dracula' variation"]
[ECO "C27"]
[NIC "VG.02"]
[Time "08:55:23"]
[TimeControl "120+12"]

1. e4 e5 2. Nc3 Nf6 3. Bc4 Nxe4 4. Qh5 Nd6 5. Bb3 Nc6 6. Nb5 g6 7. Qf3 f5 8.
Qd5 Qe7 9. Nxc7+ Kd8 10. Nxa8 b6 11. d3 Nb4 12. Bg5 Qxg5 13. Qxe5 Bg7 14.
Qxg7 Re8+ 15. Kf1 Ne4 16. dxe4 Ba6+ 17. c4 Qd2 18. Qf6+ Kc8 19. Qc3 Qd6 20.
Rd1 Qc5 21. a3 Nc6 22. Rd5 {Black resigns} 1-0

[Event "GambitGuide"]
[Site "Internet Chess Club"]
[Date "2014.10.31"]
[Round "1"]
[White "JSBach"]
[Black "sskumaran1"]
[Result "1-0"]
[ICCResult "Black resigns"]
[WhiteElo "1669"]
[BlackElo "1120"]
[Opening "Vienna: `Frankenstein-Dracula' variation"]
[ECO "C27"]
[NIC "VG.02"]
[Time "08:56:39"]
[TimeControl "120+12"]

1. e4 e5 2. Nc3 Nf6 3. Bc4 Nxe4 4. Qh5 Nd6 5. Bb3 Nc6 6. Nb5 g6 7. Qf3 f5 8.
Qd5 Qe7 9. Nxc7+ Kd8 10. Nxa8 b6 11. d3 e4 12. dxe4 Nb4 13. Qd4 fxe4 14.
Qxh8 Nf5 15. Bg5 {Black resigns} 1-0

[Event "GambitGuide"]
[Site "Internet Chess Club"]
[Date "2014.10.31"]
[Round "1"]
[White "JSBach"]
[Black "Chessprincess64"]
[Result "1-0"]
[ICCResult "Black resigns"]
[WhiteElo "1649"]
[BlackElo "2000"]
[Opening "Vienna: `Frankenstein-Dracula' variation"]
[ECO "C27"]
[NIC "VG.02"]
[Time "08:56:14"]
[TimeControl "120+12"]

1. e4 e5 2. Nc3 Nf6 3. Bc4 Nxe4 4. Qh5 Nd6 5. Bb3 Nc6 6. Nb5 g6 7. Qf3 f5 8.
Qd5 Qe7 9. Nxc7+ Kd8 10. Nxa8 b6 11. d3 Bb7 12. Nxb6 axb6 13. Qf3 Kc7 14.
Be3 Bg7 15. Bd5 e4 16. Qe2 Bxb2 17. Rb1 Bc3+ 18. Kf1 b5 19. a4 b4 20. Bc5
Qf6 21. dxe4 Nxe4 22. Bxe4 fxe4 23. Qxe4 Ba6+ 24. Ne2 Rf8 25. Bxf8
{Black resigns}
1-0

[Event "GambitGuide"]
[Site "Internet Chess Club"]
[Date "2014.10.31"]
[Round "1"]
[White "JSBach"]
[Black "lustigbridge"]
[Result "1-0"]
[ICCResult "Black resigns"]
[WhiteElo "1649"]
[BlackElo "1630"]
[Opening "Vienna: `Frankenstein-Dracula' variation"]
[ECO "C27"]
[NIC "VG.02"]
[Time "08:57:08"]
[TimeControl "120+12"]

1. e4 e5 2. Nc3 Nf6 3. Bc4 Nxe4 4. Qh5 Nd6 5. Bb3 Nc6 6. Nb5 g6 7. Qf3 f5 8.
Qd5 Qe7 9. Nxc7+ Kd8 10. Nxa8 b6 11. d3 e4 12. dxe4 Nxe4 13. Be3 f4 14. Nxb6
fxe3 15. O-O-O e2 16. Re1 Bh6+ 17. Kb1 Nd2+ 18. Ka1 Nb4 19. Nxc8 Nxd5 20.
Nxe7 Nxe7 21. Rxe2 Nxb3+ 22. axb3 Nd5 23. g3 Kc7 24. c4 Nb4 25. f4 Rb8 26.
Re7 Rb6 27. Rxh7 Bf8 28. Rf7 Bc5 29. f5 gxf5 30. Rxf5 Bd4 31. Nf3 Be3 32.
Re5 Bf2 33. Rf1 {Black resigns} 1-0

[Event "GambitGuide"]
[Site "Internet Chess Club"]
[Date "2014.10.31"]
[Round "1"]
[White "JSBach"]
[Black "Chessprincess64"]
[Result "1-0"]
[ICCResult "Black resigns"]
[WhiteElo "1649"]
[BlackElo "2000"]
[Opening "Vienna: `Frankenstein-Dracula' variation"]
[ECO "C27"]
[NIC "VG.02"]
[Time "08:58:36"]
[TimeControl "120+12"]

1. e4 e5 2. Nc3 Nf6 3. Bc4 Nxe4 4. Qh5 Nd6 5. Bb3 Nc6 6. Nb5 g6 7. Qf3 f5 8.
Qd5 Qe7 9. Nxc7+ Kd8 10. Nxa8 b6 11. d3 Bb7 12. Nxb6 axb6 13. Qf3 Kc7 14.
Be3 Bg7 15. Bd5 e4 16. Qe2 Bxb2 17. Rb1 Bc3+ 18. Kf1 f4 19. Bxb6+ Kc8 20.
dxe4 Nb4 21. Bxb7+ Kb8 22. Bc5 {Black resigns} 1-0

[Event "GambitGuide"]
[Site "Internet Chess Club"]
[Date "2014.10.31"]
[Round "1"]
[White "JSBach"]
[Black "dutchking"]
[Result "1-0"]
[ICCResult "Black resigns"]
[WhiteElo "1652"]
[BlackElo "1370"]
[Opening "Vienna: `Frankenstein-Dracula' variation"]
[ECO "C27"]
[NIC "VG.02"]
[Time "08:58:43"]
[TimeControl "120+12"]

1. e4 e5 2. Nc3 Nf6 3. Bc4 Nxe4 4. Qh5 Nd6 5. Bb3 Nc6 6. Nb5 g6 7. Qf3 f5 8.
Qd5 Qe7 9. Nxc7+ Kd8 10. Nxa8 b6 11. d3 Bb7 12. Nxb6 axb6 13. Qf3 Nd4 14.
Qh3 h6 15. Be3 Bg7 16. Ne2 N6b5 17. c3 Nxb3 18. Bxb6+ Kc8 19. axb3 e4 20.
dxe4 fxe4 21. Ra5 Nd6 22. Rc5+ Kb8 23. Bc7+ Ka8 24. Ra5+ Ba6 25. Rxa6+ Kb7
26. Bxd6 {Black resigns} 1-0

[Event "GambitGuide"]
[Site "Internet Chess Club"]
[Date "2014.10.31"]
[Round "1"]
[White "JSBach"]
[Black "cherry"]
[Result "1-0"]
[ICCResult "Black resigns"]
[WhiteElo "1652"]
[BlackElo "1400"]
[Opening "Vienna: `Frankenstein-Dracula' variation"]
[ECO "C27"]
[NIC "VG.02"]
[Time "08:56:09"]
[TimeControl "120+12"]

1. e4 e5 2. Nc3 Nf6 3. Bc4 Nxe4 4. Qh5 Nd6 5. Bb3 Nc6 6. Nb5 g6 7. Qf3 f5 8.
Qd5 Qe7 9. Nxc7+ Kd8 10. Nxa8 b6 11. d3 Bb7 12. Nxb6 axb6 13. Qf3 Bg7 14.
Be3 e4 15. Bxb6+ Kc8 16. Qe3 Bxb2 17. Rb1 Bc3+ 18. Kf1 Re8 19. Bd5 f4 20.
Qxf4 exd3 21. Nf3 Qe2+ 22. Kg1 dxc2 23. Rf1 Qd1 24. Bb3 Ba6 25. Rxd1
{Black resigns}
1-0

[Event "GambitGuide"]
[Site "Internet Chess Club"]
[Date "2014.10.31"]
[Round "1"]
[White "JSBach"]
[Black "endersgame"]
[Result "0-1"]
[ICCResult "White checkmated"]
[WhiteElo "1652"]
[BlackElo "1687"]
[Opening "Vienna: `Frankenstein-Dracula' variation"]
[ECO "C27"]
[NIC "VG.02"]
[Time "08:54:12"]
[TimeControl "120+12"]

1. e4 e5 2. Nc3 Nf6 3. Bc4 Nxe4 4. Qh5 Nd6 5. Bb3 Nc6 6. Nb5 g6 7. Qf3 f5 8.
Qd5 Qe7 9. Nxc7+ Kd8 10. Nxa8 b6 11. d3 Bb7 12. Nxb6 axb6 13. Qf3 Nd4 14.
Qh3 f4 15. Ba4 N6f5 16. c3 Nh4 17. cxd4 Bxg2 18. Qxd7+ Qxd7 19. Bxd7 Kxd7
20. dxe5 Bb4+ 21. Kd1 Bxh1 22. Bxf4 Rf8 23. Be3 Nf3 24. a3 Bc5 25. Bxc5 bxc5
26. Nxf3 Bxf3+ 27. Kd2 Rb8 28. Ke3 Bd5 29. Rb1 Rb3 30. h3 Ke6 31. Kf4 Rxd3
32. Re1 Rf3+ 33. Kg4 Rxf2 34. b4 cxb4 35. axb4 Rb2 36. b5 Rxb5 37. Kg3 Rb3+
38. Kh2 Rb2+ 39. Kg3 Rg2+ 40. Kh4 Bf3 41. Rf1 g5# {White checkmated} 0-1

[Event "GambitGuide"]
[Site "Internet Chess Club"]
[Date "2014.10.31"]
[Round "1"]
[White "JSBach"]
[Black "dutchking"]
[Result "1-0"]
[ICCResult "Black resigns"]
[WhiteElo "1652"]
[BlackElo "1370"]
[Opening "Vienna: `Frankenstein-Dracula' variation"]
[ECO "C27"]
[NIC "VG.02"]
[Time "08:59:59"]
[TimeControl "120+12"]

1. e4 e5 2. Nc3 Nf6 3. Bc4 Nxe4 4. Qh5 Nd6 5. Bb3 Nc6 6. Nb5 g6 7. Qf3 f5 8.
Qd5 Qe7 9. Nxc7+ Kd8 10. Nxa8 b6 11. d3 Bb7 12. Nxb6 axb6 13. Qf3 Bg7 14.
Be3 Nd4 15. Qh3 f4 16. Bxd4 exd4+ 17. Kf1 Qg5 18. Re1 Nf5 19. Nf3 Kc7 20.
Nxg5 {Black resigns} 1-0

[Event "GambitGuide"]
[Site "Internet Chess Club"]
[Date "2014.10.31"]
[Round "1"]
[White "JSBach"]
[Black "FlameOak4464"]
[Result "1-0"]
[ICCResult "Black resigns"]
[WhiteElo "1652"]
[BlackElo "1830"]
[Opening "Vienna: `Frankenstein-Dracula' variation"]
[ECO "C27"]
[NIC "VG.02"]
[Time "09:01:16"]
[TimeControl "120+12"]

1. e4 e5 2. Nc3 Nf6 3. Bc4 Nxe4 4. Qh5 Nd6 5. Bb3 Nc6 6. Nb5 g6 7. Qf3 f5 8.
Qd5 Qe7 9. Nxc7+ Kd8 10. Nxa8 b6 11. d3 Bb7 12. Nxb6 axb6 13. Qf3 Nd4 14.
Qg3 f4 15. Qg4 h5 16. Qxg6 {Black resigns} 1-0

[Event "GambitGuide"]
[Site "Internet Chess Club"]
[Date "2014.10.31"]
[Round "1"]
[White "JSBach"]
[Black "ll64"]
[Result "0-1"]
[ICCResult "White checkmated"]
[WhiteElo "1666"]
[BlackElo "1675"]
[Opening "Vienna: `Frankenstein-Dracula' variation"]
[ECO "C27"]
[NIC "VG.02"]
[Time "08:58:50"]
[TimeControl "120+12"]

1. e4 e5 2. Nc3 Nf6 3. Bc4 Nxe4 4. Qh5 Nd6 5. Bb3 Nc6 6. Nb5 g6 7. Qf3 f5 8.
Qd5 Qe7 9. Nxc7+ Kd8 10. Nxa8 b6 11. d3 Bb7 12. Nxb6 axb6 13. Qf3 Nd4 14.
Qg3 f4 15. Qg4 g5 16. Ba4 h5 17. Qd1 Bxg2 18. c3 Nc6 19. Bxc6 dxc6 20. Qb3
Kc7 21. Qa4 Bxh1 22. Qa8 Bg7 23. Qa7+ Nb7 24. Ne2 Rd8 25. Bd2 Bf3 26. Nc1 e4
27. d4 c5 28. dxc5 Qxc5 29. Nb3 Qc4 30. Nc1 Qd5 31. Nb3 Qd3 32. Nd4 Bxd4 33.
Bxf4+ gxf4 34. Qa6 Qxa6 35. c4 Qxc4 36. b3 Qe2# {White checkmated} 0-1

[Event "GambitGuide"]
[Site "Internet Chess Club"]
[Date "2014.10.31"]
[Round "1"]
[White "JSBach"]
[Black "Chessprincess64"]
[Result "1-0"]
[ICCResult "Black checkmated"]
[WhiteElo "1666"]
[BlackElo "2000"]
[Opening "Vienna: `Frankenstein-Dracula' variation"]
[ECO "C27"]
[NIC "VG.02"]
[Time "08:59:45"]
[TimeControl "120+12"]

1. e4 e5 2. Nc3 Nf6 3. Bc4 Nxe4 4. Qh5 Nd6 5. Bb3 Nc6 6. Nb5 g6 7. Qf3 f5 8.
Qd5 Qe7 9. Nxc7+ Kd8 10. Nxa8 b6 11. d3 Bb7 12. Nxb6 axb6 13. Qf3 Kc7 14.
Be3 Bg7 15. Bd5 Nb4 16. Bxb6+ Kxb6 17. Qe3+ Kc7 18. Qc5+ Nc6 19. Nf3 e4 20.
dxe4 fxe4 21. Ng1 Bxb2 22. Rb1 Qf6 23. Ne2 e3 24. Qxe3 Re8 25. Qc5 Qe5 26.
O-O Qxe2 27. Rxb2 Qe5 28. Qb6+ Kc8 29. Bxc6 dxc6 30. a4 Re7 31. Rb4 Qe2 32.
Rd4 Nc4 33. Qd8# {Black checkmated} 1-0

[Event "GambitGuide"]
[Site "Internet Chess Club"]
[Date "2014.10.31"]
[Round "1"]
[White "JSBach"]
[Black "leonardoalmeida"]
[Result "1-0"]
[ICCResult "Black resigns"]
[WhiteElo "1666"]
[BlackElo "1834"]
[Opening "Vienna: `Frankenstein-Dracula' variation"]
[ECO "C27"]
[NIC "VG.02"]
[Time "09:01:10"]
[TimeControl "120+12"]

1. e4 e5 2. Nc3 Nf6 3. Bc4 Nxe4 4. Qh5 Nd6 5. Bb3 Nc6 6. Nb5 g6 7. Qf3 f5 8.
Qd5 Qe7 9. Nxc7+ Kd8 10. Nxa8 b6 11. d3 Bb7 12. Nxb6 axb6 13. Qf3 Bg7 14.
Be3 Nd4 15. Qh3 f4 16. Bxd4 exd4+ 17. Kf1 Nf5 18. Ne2 f3 19. gxf3 Qh4 20.
Qg2 Qh6 21. Re1 Nh4 22. Qg3 Nxf3 23. Qb8+ Bc8 24. Qxb6+ Ke8 25. Kg2 Nxe1+
26. Rxe1 Qg5+ 27. Ng3+ Kf8 28. Qd6+ {Black resigns} 1-0

[Event "GambitGuide"]
[Site "Internet Chess Club"]
[Date "2014.10.31"]
[Round "1"]
[White "JSBach"]
[Black "Packerfan"]
[Result "1-0"]
[ICCResult "Black forfeits on time"]
[WhiteElo "1668"]
[BlackElo "1400"]
[Opening "Vienna: `Frankenstein-Dracula' variation"]
[ECO "C27"]
[NIC "VG.02"]
[Time "08:58:18"]
[TimeControl "120+12"]

1. e4 e5 2. Nc3 Nf6 3. Bc4 Nxe4 4. Qh5 Nd6 5. Bb3 Nc6 6. Nb5 g6 7. Qf3 f5 8.
Qd5 Qe7 9. Nxc7+ Kd8 10. Nxa8 b6 11. d3 Bg7 12. Nh3 Rf8 13. Bg5 Bf6 14. Bxf6
Qxf6 15. Ba4 Bb7 16. Nxb6 axb6 17. Qb3 b5 18. O-O bxa4 19. Qxa4 f4 20. Rfe1
g5 21. Qa3 Kc7 22. f3 h5 23. Qc5 g4 24. fxg4 hxg4 25. Nf2 f3 26. Nxg4 Qg5
27. h3 fxg2 28. Rxe5 Qf4 29. Rae1 {Black forfeits on time} 1-0